YL
LANE COVE FLAMES @ SUTHERLAND STARS
08/18/2022
 
TOP OF THE 1ST
Lane Cove Flames batting - Pitching for Sutherland Stars : RHP Will Snodgrass
Pitching: RHP Will Snodgrass
Batting: LHB Dylan Hokulani 0-0: Ball
1-0: Ball
2-0: Foul Ball, location: 7LSF
2-1: Called Strike
2-2: Foul Ball, location: 2F
2-2: Ball
3-2: Strikes out swinging
Batting: RHB Zayne Freegard 0-0: Ground out 6-3 (Groundball, 6M, EV 82.5 MPH)
Batting: LHB O.D. Inions 0-0: Ball
1-0: Called Strike
1-1: Swinging Strike
1-2: Ball
2-2: Ball
3-2: Fly out, F4 (Popup, 3DF, EV 63.1 MPH)
Top of the 1st over - 0 runs, 0 hits, 0 errors, 0 left on base; Lane Cove 0 - Sutherland 0
BOTTOM OF THE 1ST
Sutherland Stars batting - Pitching for Lane Cove Flames : RHP John Souter
Pitching: RHP John Souter
Batting: RHB Jersey Rosbottom 0-0: Swinging Strike
0-1: Ball
1-1: Foul Ball, location: 2LF
1-2: Fly out, F9 (Flyball, 9D, EV 98.1 MPH)
Batting: RHB Shane Leaper 0-0: Called Strike
0-1: Foul Ball, location: 5DF
0-2: Ball
1-2: Ball
2-2: Ball
3-2: Foul Ball, location: 3DF
3-2: Base on Balls
Batting: RHB Noel Biddulph 0-0: Ball
Shane Leaper steals 2nd base
1-0: Foul Ball, location: 2F
1-1: Fly out, F9 (Flyball, 89M, EV 83.8 MPH)
Batting: RHB J.C. Kelsey 0-0: Ball
1-0: Ball
2-0: Ball
3-0: Foul Ball, location: 2F
3-1: Base on Balls
Batting: LHB Chris Burge 0-0: Foul Ball, location: 2F
0-1: Ground out U3 (Groundball, 3, EV 85.0 MPH)
Bottom of the 1st over - 0 runs, 0 hits, 0 errors, 2 left on base; Lane Cove 0 - Sutherland 0
TOP OF THE 2ND
Lane Cove Flames batting - Pitching for Sutherland Stars : RHP Will Snodgrass
Batting: RHB Rudy Abercrombie 0-0: Ground out 6-3 (Groundball, 6, EV 90.0 MPH)
Batting: RHB Corkie Shoebotham 0-0: Ball
1-0: Swinging Strike
1-1: Ball
2-1: Foul Ball, location: 5F
2-2: Ball
3-2: Foul Ball, location: 9LMF
3-2: Fly out, F9 (Flyball, 9D, EV 96.9 MPH)
Batting: RHB Liam Scarborough 0-0: Called Strike
0-1: Ball
1-1: Ground out 4-3 (Groundball, 4, EV 105.0 MPH)
Top of the 2nd over - 0 runs, 0 hits, 0 errors, 0 left on base; Lane Cove 0 - Sutherland 0
BOTTOM OF THE 2ND
Sutherland Stars batting - Pitching for Lane Cove Flames : RHP John Souter
Batting: RHB Adrian Draycott 0-0: SINGLE (Groundball, 4MD, EV 99.4 MPH)
Batting: LHB Nunzio Garrone 0-0: Bunted foul
0-1: Sac Bunt to 15 - play at first, batter OUT! 1-3
Adrian Draycott to second
Batting: RHB Fred Excell 0-0: Foul Ball, location: 2F
0-1: Ball
1-1: Ground out U3 (Groundball, 34, EV 105.6 MPH)
Adrian Draycott to third
Batting: LHB Beau Inions 0-0: DOUBLE (Flyball, 8LXD, EV 106.9 MPH)
Adrian Draycott scores
Batting: RHB Jersey Rosbottom 0-0: Ball
1-0: Called Strike
1-1: Fly out, F7 (Line Drive, 7, EV 102.5 MPH)
Bottom of the 2nd over - 1 run, 2 hits, 0 errors, 1 left on base; Lane Cove 0 - Sutherland 1
TOP OF THE 3RD
Lane Cove Flames batting - Pitching for Sutherland Stars : RHP Will Snodgrass
Batting: SHB Mark Desforges 0-0: Called Strike
0-1: Foul Ball, location: 7LDF
0-2: Ball
1-2: Foul Ball, location: 7LSF
1-2: Foul Ball, location: 3FF
1-2: Ground out 6-3 (Groundball, 6, EV 93.1 MPH)
Batting: RHB Gerard Crump 0-0: SINGLE (Line Drive, 4D, EV 110.6 MPH)
Batting: SHB Hari Allan 0-0: Foul Ball, location: 5FF
0-1: Ball
1-1: Foul Ball, location: 2F
1-2: Strikes out swinging
Batting: LHB Dylan Hokulani 0-0: Foul Ball, location: 9LSF
0-1: Ball
1-1: Ball
2-1: SINGLE (Line Drive, 4MD, EV 97.5 MPH)
Gerard Crump to second
Batting: RHB Zayne Freegard 0-0: Ball
1-0: Ground out 4-3 (Groundball, 4, EV 76.9 MPH)
Top of the 3rd over - 0 runs, 2 hits, 0 errors, 2 left on base; Lane Cove 0 - Sutherland 1
BOTTOM OF THE 3RD
Sutherland Stars batting - Pitching for Lane Cove Flames : RHP John Souter
Batting: RHB Shane Leaper 0-0: Ball
1-0: Ball
2-0: Called Strike
2-1: Called Strike
2-2: DOUBLE (Flyball, 8LXD, EV 111.9 MPH)
Batting: RHB Noel Biddulph 0-0: Ball
1-0: Called Strike
1-1: Foul Ball, location: 25F
1-2: Strikes out looking
Batting: RHB J.C. Kelsey 0-0: Called Strike
0-1: SINGLE (Groundball, 6D, EV 100.0 MPH)
Shane Leaper to third
Batting: LHB Chris Burge 0-0: Grounds into double play, 6-4-3 (Groundball, 6, EV 84.4 MPH)
Bottom of the 3rd over - 0 runs, 2 hits, 0 errors, 1 left on base; Lane Cove 0 - Sutherland 1
TOP OF THE 4TH
Lane Cove Flames batting - Pitching for Sutherland Stars : RHP Will Snodgrass
Batting: LHB O.D. Inions 0-0: Ball
1-0: Ball
2-0: DOUBLE (Flyball, 8RXD, EV 101.3 MPH)
Batting: RHB Rudy Abercrombie 0-0: Called Strike
0-1: Foul Ball, location: 3F
0-2: Strikes out swinging
Batting: RHB Corkie Shoebotham 0-0: Ball
1-0: Foul Ball, location: 9LMF
1-1: Ball
2-1: Foul Ball, location: 7LDF
2-2: Ball
3-2: SINGLE (Line Drive, 7S, EV 105.0 MPH)
O.D. Inions to third
Batting: RHB Liam Scarborough 0-0: Grounds into double play, 6-4-3 (Groundball, 6, EV 86.9 MPH)
Top of the 4th over - 0 runs, 2 hits, 0 errors, 1 left on base; Lane Cove 0 - Sutherland 1
BOTTOM OF THE 4TH
Sutherland Stars batting - Pitching for Lane Cove Flames : RHP John Souter
Batting: RHB Adrian Draycott 0-0: Swinging Strike
0-1: Ball
1-1: Foul Ball, location: 7LDF
1-2: SOLO HOME RUN (Flyball, 7LD, EV 92.5 MPH), Distance : 338 ft
Batting: LHB Nunzio Garrone 0-0: Fly out, F9 (Flyball, 89M, EV 91.3 MPH)
Batting: RHB Fred Excell 0-0: Ball
1-0: Foul Ball, location: 23F
1-1: Swinging Strike
1-2: Strikes out looking
Batting: LHB Beau Inions 0-0: Fly out, F8 (Flyball, 8RM, EV 93.8 MPH)
Bottom of the 4th over - 1 run, 1 hit, 0 errors, 0 left on base; Lane Cove 0 - Sutherland 2
TOP OF THE 5TH
Lane Cove Flames batting - Pitching for Sutherland Stars : RHP Will Snodgrass
Batting: SHB Mark Desforges 0-0: Ball
1-0: Fly out, F8 (Flyball, 8LM, EV 73.1 MPH)
Batting: RHB Gerard Crump 0-0: Ball
1-0: Fly out, F9 (Flyball, 89D, EV 110.6 MPH)
Batting: SHB Hari Allan 0-0: Ball
1-0: Swinging Strike
1-1: Ball
2-1: Swinging Strike
2-2: Ground out 4-3 (Groundball, 4, EV 88.8 MPH)
Top of the 5th over - 0 runs, 0 hits, 0 errors, 0 left on base; Lane Cove 0 - Sutherland 2
BOTTOM OF THE 5TH
Sutherland Stars batting - Pitching for Lane Cove Flames : RHP John Souter
Batting: RHB Jersey Rosbottom 0-0: Ball
1-0: Ball
2-0: Ball
3-0: Base on Balls
Batting: RHB Shane Leaper 0-0: Bunted foul
0-1: Bunted foul
0-2: Ball
1-2: SINGLE (Line Drive, 8LS, EV 93.1 MPH)
Jersey Rosbottom to second
Batting: RHB Noel Biddulph 0-0: Foul Ball, location: 3F
0-1: Fly out, F9 (Flyball, 9, EV 90.6 MPH)
Batting: RHB J.C. Kelsey 0-0: Called Strike
0-1: Foul Ball, location: 9LMF
0-2: Foul Ball, location: 2F
0-2: Grounds into double play, 6-4-3 (Groundball, 6, EV 84.4 MPH)
Bottom of the 5th over - 0 runs, 1 hit, 0 errors, 1 left on base; Lane Cove 0 - Sutherland 2
TOP OF THE 6TH
Lane Cove Flames batting - Pitching for Sutherland Stars : RHP Will Snodgrass
Batting: LHB Dylan Hokulani 0-0: Swinging Strike
0-1: SINGLE (Groundball, 4D, EV 94.4 MPH)
Batting: RHB Zayne Freegard 0-0: Ball
1-0: Ball
2-0: Called Strike
2-1: Foul Ball, location: 3F
2-2: SINGLE (Line Drive, 3D, EV 66.3 MPH)
Dylan Hokulani to second
Runner from 2nd tries for 3rd, SAFE, throw by RF made to third
Batting: LHB O.D. Inions 0-0: Swinging Strike
0-1: Ball
1-1: Foul Ball, location: 2F
1-2: Strikes out swinging
Pinch Hitting: LHB Sammy Holden 0-0: Ball
1-0: Called Strike
1-1: Foul Ball, location: 7LDF
1-2: Strikes out swinging
Batting: RHB Corkie Shoebotham 0-0: Ball
1-0: Called Strike
1-1: Ball
2-1: Ball
3-1: Base on Balls
Zayne Freegard to second
Batting: RHB Liam Scarborough 0-0: SINGLE (Groundball, 4, EV 89.4 MPH) (infield hit)
Dylan Hokulani scores
Zayne Freegard to third
Corkie Shoebotham to second
Batting: SHB Mark Desforges 0-0: Ball
1-0: Ball
2-0: Swinging Strike
2-1: Ball
3-1: Base on Balls
Zayne Freegard scores
Corkie Shoebotham to third
Liam Scarborough to second
Pitching: LHP Ian Hallett
Pinch Hitting: RHB Alan Carylyon 0-0: Ball
1-0: SINGLE (Groundball, 15S, EV 65.0 MPH) (infield hit)
Corkie Shoebotham scores
Liam Scarborough to third
Mark Desforges to second
Batting: SHB Hari Allan 0-0: Swinging Strike
0-1: Foul Ball, location: 9LSF
0-2: Fly out, F6 (Popup, 6M, EV 73.8 MPH)
Top of the 6th over - 3 runs, 4 hits, 0 errors, 3 left on base; Lane Cove 3 - Sutherland 2
BOTTOM OF THE 6TH
Sutherland Stars batting - Pitching for Lane Cove Flames : RHP John Souter
Now in LF: John Rose
Now in RF: Devin Nicolau
Batting: LHB Chris Burge 0-0: Called Strike
0-1: Called Strike
0-2: Strikes out swinging
Batting: RHB Adrian Draycott 0-0: Ball
1-0: Ball
2-0: Ball
3-0: Called Strike
3-1: Base on Balls
Batting: LHB Nunzio Garrone 0-0: Called Strike
0-1: Ball
1-1: Ball
2-1: Ball
3-1: Swinging Strike
3-2: Base on Balls
Adrian Draycott to second
Batting: RHB Fred Excell 0-0: Called Strike
0-1: Ground out 6-3 (Groundball, 6S, EV 68.8 MPH)
Adrian Draycott to third
Nunzio Garrone to second
Batting: LHB Beau Inions 0-0: Ball
1-0: Swinging Strike
1-1: Foul Ball, location: 7LMF
1-2: Strikes out looking
Bottom of the 6th over - 0 runs, 0 hits, 0 errors, 2 left on base; Lane Cove 3 - Sutherland 2
TOP OF THE 7TH
Lane Cove Flames batting - Pitching for Sutherland Stars : LHP Ian Hallett
Batting: LHB Dylan Hokulani 0-0: Ball
1-0: Fly out, F8 (Flyball, 8RS, EV 77.5 MPH)
Batting: RHB Zayne Freegard 0-0: Ball
1-0: Foul Ball, location: 9LMF
1-1: Foul Ball, location: 2F
1-2: Strikes out swinging
Batting: LHB O.D. Inions 0-0: Ball
1-0: Ball
2-0: Called Strike
2-1: SINGLE (Line Drive, 3D, EV 98.1 MPH)
Batting: RHB Devin Nicolau 0-0: Ball
1-0: Foul Ball, location: 2F
1-1: Swinging Strike
1-2: Foul Ball, location: 7LMF
1-2: Foul Ball, location: 2F
1-2: Ball
2-2: Strikes out swinging
Top of the 7th over - 0 runs, 1 hit, 0 errors, 1 left on base; Lane Cove 3 - Sutherland 2
BOTTOM OF THE 7TH
Sutherland Stars batting - Pitching for Lane Cove Flames : RHP John Souter
Now at 1B: Alan Ruggles
Now at 3B: Corkie Shoebotham
Batting: RHB Jersey Rosbottom 0-0: Foul Ball, location: 25F
0-1: Ball
1-1: Ball
2-1: Ball
3-1: SINGLE (Groundball, 23, EV 67.5 MPH) (infield hit)
Batting: RHB Shane Leaper 0-0: Called Strike
Jersey Rosbottom is caught stealing 2nd base 2-4
0-1: Called Strike
0-2: Ball
1-2: Fly out, F8 (Flyball, 8RS, EV 83.1 MPH)
Batting: RHB Noel Biddulph 0-0: Ball
1-0: Ball
2-0: Fly out, F3 (Line Drive, 3, EV 63.8 MPH)
Bottom of the 7th over - 0 runs, 1 hit, 0 errors, 0 left on base; Lane Cove 3 - Sutherland 2
TOP OF THE 8TH
Lane Cove Flames batting - Pitching for Sutherland Stars : LHP Ian Hallett
Batting: RHB Corkie Shoebotham 0-0: Called Strike
0-1: Ball
1-1: Ball
2-1: Ball
3-1: Called Strike
3-2: SOLO HOME RUN (Line Drive, 9LD, EV 92.5 MPH), Distance : 331 ft
Batting: RHB Liam Scarborough 0-0: Ball
1-0: Foul Ball, location: 2F
1-1: Ball
2-1: Ground out 5-3 (Groundball, 5L, EV 100.0 MPH)
Batting: LHB Alan Ruggles 0-0: Ball
1-0: Swinging Strike
1-1: Called Strike
1-2: Ball
2-2: Fly out, F9 (Flyball, 9LSF, EV 90.0 MPH)
Batting: RHB John Rose 0-0: Ball
1-0: Called Strike
1-1: Called Strike
1-2: Ball
2-2: Fly out, F4 (Popup, 4S, EV 69.4 MPH)
Top of the 8th over - 1 run, 1 hit, 0 errors, 0 left on base; Lane Cove 4 - Sutherland 2
BOTTOM OF THE 8TH
Sutherland Stars batting - Pitching for Lane Cove Flames : RHP John Souter
Batting: RHB J.C. Kelsey 0-0: Foul Ball, location: 2F
0-1: Ball
1-1: Ball
2-1: Foul Ball, location: 7LSF
2-2: Foul Ball, location: 9LSF
2-2: Foul Ball, location: 5F
2-2: Foul Ball, location: 9LSF
2-2: Ball
3-2: Fly out, F9 (Flyball, 9, EV 88.8 MPH)
Batting: LHB Chris Burge 0-0: Foul Ball, location: 2F
0-1: Called Strike
0-2: Strikes out swinging
Batting: RHB Adrian Draycott 0-0: Ball
1-0: Called Strike
1-1: Ball
2-1: Reached on error, E4 (Groundball, 34, EV 104.4 MPH)
Pitching: LHP Col O'Connor
Pinch Hitting: RHB Noel Cranidge 0-0: Ball
1-0: Foul Ball, location: 7LDF
1-1: Fly out, F7 (Flyball, 7LSF, EV 86.3 MPH)
Bottom of the 8th over - 0 runs, 0 hits, 1 error, 1 left on base; Lane Cove 4 - Sutherland 2
TOP OF THE 9TH
Lane Cove Flames batting - Pitching for Sutherland Stars : LHP Ian Hallett
Now in LF: Daniel Tolman
Batting: RHB Chris Raw 0-0: Swinging Strike
0-1: Foul Ball, location: 5F
0-2: Ball
1-2: Ground out 5-3 (Groundball, 5, EV 80.0 MPH)
Batting: LHB Dylan Hokulani 0-0: Called Strike
0-1: Ball
1-1: Ball
2-1: Ball
3-1: Swinging Strike
3-2: SINGLE (Flyball, 4D, EV 85.0 MPH)
Pitching: RHP Macy Edkins
Batting: RHB Zayne Freegard 0-0: Ball
1-0: Foul Ball, location: 9LSF
1-1: Swinging Strike
1-2: Strikes out swinging
Batting: LHB O.D. Inions 0-0: Ball
1-0: Ball
2-0: Called Strike
2-1: Ground out 4-3 (Groundball, 4, EV 110.0 MPH)
Top of the 9th over - 0 runs, 1 hit, 0 errors, 1 left on base; Lane Cove 4 - Sutherland 2
BOTTOM OF THE 9TH
Sutherland Stars batting - Pitching for Lane Cove Flames : LHP Col O'Connor
Pitching: RHP Ethan Hunter
Pinch Hitting: LHB Don Harragon 0-0: Fly out, F9 (Line Drive, 89M, EV 90.0 MPH)
Batting: LHB Beau Inions 0-0: Ball
1-0: Ball
2-0: Called Strike
2-1: Ground out 4-3 (Groundball, 34, EV 106.9 MPH)
Batting: RHB Jersey Rosbottom 0-0: Ball
1-0: Ball
2-0: Called Strike
2-1: Ball
3-1: Fly out, F9 (Flyball, 9D, EV 111.3 MPH)
Bottom of the 9th over - 0 runs, 0 hits, 0 errors, 0 left on base; Lane Cove 4 - Sutherland 2
Wednesday, May 1st , 2024 - OOTP Baseball 24.9 Build 80